[Event "ICC tourney 2250 (120 10)"]
[Site "Internet Chess Club"]
[Date "2020.12.28"]
[Round "5"]
[White "RagingKnightNC"]
[Black "investigator"]
[Result "0-1"]
[ICCResult "White resigns"]
[WhiteElo "2112"]
[BlackElo "2106"]
[Opening "Pirc: Austrian attack"]
[ECO "B09"]
[NIC "PU.06"]
[Time "12:01:34"]
[PlyCount "136"]
[TimeControl "7200+10"]

1. e4 d6 2. d4 Nf6 3. Nc3 g6 4. f4 Bg7 5. Nf3 O-O 6. Bc4 c5 7. Be3 Nbd7 8.
h3 Qa5 9. O-O b5 10. Nxb5 Nxe4 11. Bd5 Rb8 12. Bxe4 Qxb5 13. b3 c4 14. Nd2
c3 15. Nf3 Ba6 16. Re1 Nf6 17. Bf2 e6 18. d5 exd5 19. Bd3 Qb7 20. Bd4 Rbc8
21. a4 Bxd3 22. Qxd3 Ne4 23. Bxg7 Kxg7 24. Rad1 Rc5 25. Nh2 Qb4 26. Nf1 f5
27. Ne3 Nf6 28. Qd4 Qxd4 29. Rxd4 Re8 30. g3 Re4 31. Rd3 d4 32. Ng2 Rd5 33.
Kf1 a5 34. Red1 Kf7 35. Ne1 Re3 36. Nf3 Rxd3 37. Rxd3 Ne4 38. Kg2 Ke6 39.
h4 h5 40. Rxd4 Rxd4 41. Nxd4+ Kd5 42. Ne2 Kc5 43. Kf3 Kb4 44. Nc1 Ka3 45.
Nd3 Nc5 46. Ke3 Nxd3 47. Kxd3 Kb2 48. b4 axb4 49. a5 b3 50. a6 bxc2 51. a7
c1=Q 52. a8=Q Qb1+ 53. Kd4 Qe4+ 54. Qxe4 fxe4 55. g4 c2 56. gxh5 gxh5 57.
f5 c1=Q 58. Kxe4 Qc3 59. Kf4 Qf6 60. Ke4 Kc3 61. Kd5 Kd3 62. Kc6 Kc4 63.
Kd7 Kb5 64. Ke8 d5 65. Kd7 Kc5 66. Ke8 Qxf5 67. Ke7 Kc6 68. Ke8 Kd6 { White
resigns } 0-1

[Event "ICC tourney 2250 (120 10)"]
[Site "Internet Chess Club"]
[Date "2020.12.28"]
[Round "5"]
[White "chiringuito"]
[Black "Gukesh"]
[Result "0-1"]
[ICCResult "White resigns"]
[WhiteElo "2485"]
[BlackElo "2642"]
[Opening "QGD: Charousek (Petrosian) variation"]
[ECO "D31"]
[NIC "QP.08"]
[Time "12:02:30"]
[PlyCount "72"]
[TimeControl "7200+10"]

1. d4 d5 2. c4 e6 3. Nc3 Be7 4. Nf3 Nf6 5. cxd5 exd5 6. Qc2 O-O 7. Bf4 c6
8. e3 Nh5 9. Bg3 g6 10. Bd3 a5 11. O-O Nxg3 12. hxg3 Nd7 13. e4 dxe4 14.
Nxe4 Nf6 15. Rae1 Nxe4 16. Rxe4 Bf6 17. g4 Qd6 18. Rfe1 Bd7 19. Ne5 Be6 20.
Bc4 Bd5 21. Bxd5 Qxd5 22. b3 Rad8 23. Nf3 h6 24. Ne5 Rfe8 25. f4 Re7 26.
R1e2 Rde8 27. Qc4 Rd8 28. g3 Kg7 29. Kf2 Re6 30. Qxd5 Rxd5 31. Rc2 Bd8 32.
f5 Rf6 33. Rf4 Bb6 34. Nf3 Bc7 35. Re4 gxf5 36. gxf5 Rdxf5 { White resigns
} 0-1

[Event "ICC tourney 2250 (120 10)"]
[Site "Internet Chess Club"]
[Date "2020.12.28"]
[Round "5"]
[White "BlueJay01"]
[Black "Mookmookarmy"]
[Result "1/2-1/2"]
[ICCResult "Game drawn by mutual agreement"]
[WhiteElo "2094"]
[BlackElo "2360"]
[Opening "English opening"]
[ECO "A20"]
[NIC "EO.24"]
[Time "12:01:45"]
[PlyCount "68"]
[TimeControl "7200+10"]

1. c4 e5 2. g3 d6 3. Bg2 f5 4. Nc3 Nf6 5. d3 Be7 6. Nf3 O-O 7. O-O Qe8 8.
Nd5 Bd8 9. Nxf6+ Bxf6 10. Rb1 a5 11. b3 Nd7 12. a3 Nc5 13. b4 axb4 14. axb4
Ne6 15. Bb2 g5 16. Nd2 h5 17. Qc2 c6 18. e4 f4 19. c5 dxc5 20. bxc5 Ra5 21.
Nc4 Rxc5 22. Ba3 Nd4 23. Qd1 Be7 24. gxf4 gxf4 25. Bxc5 Bxc5 26. Bf3 Nxf3+
27. Qxf3 Bg4 28. Qg2 Kh8 29. Kh1 b5 30. h3 bxc4 31. hxg4 Rg8 32. Qh3 cxd3
33. Qxh5+ Qxh5+ 34. gxh5 Rd8 { Game drawn by mutual agreement } 1/2-1/2

[Event "ICC tourney 2250 (120 10)"]
[Site "Internet Chess Club"]
[Date "2020.12.28"]
[Round "5"]
[White "ChessKidA8"]
[Black "jy2020"]
[Result "1/2-1/2"]
[ICCResult "Game drawn by mutual agreement"]
[WhiteElo "2123"]
[BlackElo "2227"]
[Opening "Sicilian: Najdorf, 6.Bg5"]
[ECO "B94"]
[NIC "SI.04"]
[Time "12:01:36"]
[PlyCount "117"]
[TimeControl "7200+10"]

1. e4 c5 2. Nf3 d6 3. d4 cxd4 4. Nxd4 Nf6 5. Nc3 a6 6. Bg5 Nbd7 7. f4 e5 8.
Nf5 Qb6 9. Bc4 Qxb2 10. Nd5 Qa3 11. Qh5 Nxd5 12. Bxd5 g6 13. Qd1 Qa5+ 14.
Kf2 Qc5+ 15. Kf1 h6 16. Bh4 gxf5 17. exf5 Nb6 18. Bxf7+ Kd7 19. Bf2 Qb5+
20. Kg1 Na4 21. c4 Qa5 22. fxe5 Kc7 23. e6 Bg7 24. Rc1 Nc3 25. Qd3 b6 26.
Re1 Bb7 27. h4 Be5 28. Rh3 Rag8 29. Bg6 Na4 30. h5 Nc5 31. Qb1 Qd2 32. Rxe5
dxe5 33. Qa1 Qd6 34. Re3 Ne4 35. Rxe4 Bxe4 36. Bg3 Qc5+ 37. Kh2 Kc8 38.
Qxe5 Qxe5 39. Bxe5 Bxf5 40. Bxf5 Rg5 41. g4 Rhg8 42. e7+ Rxf5 43. gxf5 Kd7
44. f6 Rg5 45. Bd4 Rg4 46. Be3 Rxc4 47. Bxh6 Rh4+ 48. Kg3 Rxh5 49. Be3 b5
50. Kg4 Rd5 51. Kf4 Ke8 52. Ke4 Rd1 53. Bc5 Kf7 54. a3 a5 55. Ke5 Rd3 56.
Ke4 Rd2 57. Ke5 Rd1 58. Ke4 Rf1 59. Bd4 { Game drawn by mutual agreement }
1/2-1/2

[Event "ICC tourney 2250 (120 10)"]
[Site "Internet Chess Club"]
[Date "2020.12.28"]
[Round "5"]
[White "JKogen"]
[Black "sahilmd"]
[Result "0-1"]
[ICCResult "White forfeits on time"]
[WhiteElo "2354"]
[BlackElo "2536"]
[Opening "Nimzo-Indian: classical variation"]
[ECO "E32"]
[NIC "NI.20"]
[Time "12:01:42"]
[PlyCount "152"]
[TimeControl "7200+10"]

1. d4 Nf6 2. c4 e6 3. Nc3 Bb4 4. Qc2 O-O 5. a3 Bxc3+ 6. Qxc3 d5 7. Nf3 dxc4
8. Qxc4 b6 9. Bg5 Ba6 10. Qa4 c5 11. dxc5 bxc5 12. Rc1 Qb6 13. Bxf6 gxf6
14. Rc2 Rd8 15. e3 Bxf1 16. Rxf1 Nc6 17. Ke2 Rd5 18. Rfc1 Ne7 19. e4 Rd6
20. Kf1 Rad8 21. g3 Kg7 22. Kg2 Ng6 23. Rxc5 Qxb2 24. Rc7 a6 25. R1c6 Rd3
26. Rc2 Qa1 27. Rc1 Qa2 28. R1c2 Qa1 29. Rc1 Qa2 30. R1c2 Qb1 31. Rc1 Qb2
32. R1c2 Rxa3 33. Rxb2 Rxa4 34. Ra7 Rxe4 35. Rbb7 Rf8 36. Rxa6 Kg8 37. Raa7
h5 38. h4 Ne5 39. Nxe5 Rxe5 40. Kf3 Kg7 41. Kf4 Kg6 42. Kf3 Rd5 43. Ke3 Rf5
44. Rc7 Rb5 45. Rd7 Rb2 46. Kf3 Rb3+ 47. Kg2 Rb2 48. Kf3 Rc8 49. Rac7 Ra8
50. Ra7 Rc8 51. Rac7 Ra8 52. Ra7 Rxa7 53. Rxa7 f5 54. Ra5 Kf6 55. Ke3 Rc2
56. Rb5 Ra2 57. Kf3 Ke7 58. Ke3 Ra3+ 59. Ke2 Rc3 60. Ra5 Rb3 61. Kd2 Kf6
62. Ke2 e5 63. Ra6+ Kg7 64. Ra5 f6 65. Ra7+ Kg6 66. Rc7 Rb2+ 67. Ke3 Rb4
68. Kf3 Rd4 69. Ra7 Rg4 70. Rb7 f4 71. gxf4 Rxf4+ 72. Kg3 Rg4+ 73. Kh3 Ra4
74. Kg3 Kf5 75. Rh7 Ra3+ 76. Kg2 Kg4 { White forfeits on time } 0-1

[Event "ICC tourney 2250 (120 10)"]
[Site "Internet Chess Club"]
[Date "2020.12.28"]
[Round "5"]
[White "helavir"]
[Black "NightMovesTN"]
[Result "1/2-1/2"]
[ICCResult "Game drawn by repetition"]
[WhiteElo "2626"]
[BlackElo "2398"]
[Opening "Robatsch defense"]
[ECO "B06"]
[NIC "KF.05"]
[Time "12:01:42"]
[PlyCount "78"]
[TimeControl "7200+10"]

1. e4 g6 2. d4 Bg7 3. Nc3 c6 4. h3 d6 5. Be3 b5 6. a3 a6 7. f4 Nd7 8. Nf3
Bb7 9. Bd3 Qc7 10. e5 c5 11. Qe2 cxd4 12. Bxd4 dxe5 13. fxe5 e6 14. Be4 Ne7
15. Bxb7 Qxb7 16. Ne4 O-O 17. O-O Nc6 18. Bc3 Ndxe5 19. Nxe5 Nxe5 20. Nf6+
Bxf6 21. Rxf6 Nd7 22. Rf3 e5 23. Rd1 f6 24. Rd6 Rf7 25. Kh1 Re8 26. Qe3 Rc8
27. Rf2 Kg7 28. Rfd2 Rc4 29. Rf2 Qc7 30. Rxa6 Nc5 31. Raxf6 Rxf6 32. Bxe5
Ne4 33. Bxc7 Nxf2+ 34. Kh2 Rxc7 35. Qe5 Rxc2 36. Qe7+ Rf7 37. Qe5+ Rf6 38.
Qe7+ Rf7 39. Qe5+ Rf6 { Game drawn by repetition } 1/2-1/2

[Event "ICC tourney 2250 (120 10)"]
[Site "Internet Chess Club"]
[Date "2020.12.28"]
[Round "5"]
[White "gmRohde"]
[Black "espark"]
[Result "0-1"]
[ICCResult "White resigns"]
[WhiteElo "2440"]
[BlackElo "2338"]
[Opening "Queen's bishop game"]
[ECO "D02"]
[NIC "QP.09"]
[Time "12:01:46"]
[PlyCount "142"]
[TimeControl "7200+10"]

1. Nf3 d5 2. d4 Nf6 3. Bf4 e6 4. e3 c5 5. c3 Nc6 6. Nbd2 Bd6 7. Bg3 O-O 8.
Bd3 b6 9. Ne5 Bb7 10. O-O Qc7 11. f4 Ne7 12. Qf3 Nf5 13. Bf2 Be7 14. Rad1
Nd6 15. Bh4 Nfe4 16. Bxe7 Qxe7 17. dxc5 bxc5 18. Bxe4 dxe4 19. Qe2 f6 20.
Ng4 a5 21. c4 Bc6 22. Nb1 Rab8 23. Rd2 Rb4 24. Na3 Rfb8 25. Rfd1 Nf7 26.
Rc1 a4 27. h3 f5 28. Nf2 e5 29. Nd1 exf4 30. exf4 g5 31. Qf2 gxf4 32. Qxf4
Qe5 33. Rf2 Qxf4 34. Rxf4 Bd7 35. Nc2 R4b7 36. Nce3 Ne5 37. Rc3 Nd3 38. Rf1
Rf8 39. b3 axb3 40. axb3 Be6 41. g3 Rg7 42. Kh2 Ne5 43. Rf4 Nf3+ 44. Kg2
Nd4 45. Kf2 Rxg3 46. Kxg3 Ne2+ 47. Kf2 Nxf4 48. Nd5 Nxd5 49. cxd5 Bxd5 50.
Ne3 Be6 51. Rxc5 f4 52. Rg5+ Kf7 53. Ng2 Kf6 54. Rb5 Ke7 55. Rb7+ Bd7 56.
h4 Kd6 57. b4 e3+ 58. Nxe3 fxe3+ 59. Kxe3 Rf5 60. Ra7 Rb5 61. Ra5 Rxa5 62.
bxa5 Kc5 63. Kf4 Kb5 64. Kg5 Kxa5 65. Kf6 Ba4 66. Kg7 Bc2 67. h5 Kb5 68.
Kf6 Kc5 69. Kf7 Kd5 70. Kf6 Ke4 71. Kg5 Kf3 { White resigns } 0-1

[Event "ICC tourney 2250 (120 10)"]
[Site "Internet Chess Club"]
[Date "2020.12.28"]
[Round "5"]
[White "schubakov"]
[Black "hidedozyo"]
[Result "0-1"]
[ICCResult "White resigns"]
[WhiteElo "2161"]
[BlackElo "2200"]
[Opening "Queen's gambit declined"]
[ECO "D30"]
[NIC "QP.08"]
[Time "12:01:37"]
[PlyCount "102"]
[TimeControl "7200+10"]

1. d4 d5 2. c4 e6 3. Nf3 Nf6 4. g3 dxc4 5. Qa4+ Nbd7 6. Qxc4 a6 7. Bg2 b5
8. Qc6 Rb8 9. Bf4 Nd5 10. Bg5 Be7 11. Bxe7 Qxe7 12. Nc3 Nb4 13. Qe4 Bb7 14.
Qb1 c5 15. dxc5 Nxc5 16. O-O O-O 17. Ne1 Rfd8 18. a3 Nd5 19. Nxd5 Bxd5 20.
Bxd5 Rxd5 21. b4 Na4 22. Nd3 Rbd8 23. Qb3 e5 24. Rad1 h5 25. Nb2 Rxd1 26.
Rxd1 Rxd1+ 27. Nxd1 Qc7 28. Qd3 g6 29. Ne3 Nb6 30. h4 Kg7 31. Kh2 Qc6 32.
Qc2 Qxc2 33. Nxc2 f5 34. Kg2 Kf6 35. f3 Nc4 36. Kf2 e4 37. fxe4 fxe4 38.
Ne3 Nxa3 39. Nd5+ Ke5 40. Nc7 Kd4 41. Nxa6 Nc2 42. Nc7 Kc4 43. e3 Nxb4 44.
Ke2 Nd3 45. Kd2 b4 46. Ne6 Kd5 47. Nf8 Ne5 48. Kc2 Kc4 49. Nh7 Ng4 50. Ng5
Nxe3+ 51. Kb1 Kd3 { White resigns } 0-1

[Event "ICC tourney 2250 (120 10)"]
[Site "Internet Chess Club"]
[Date "2020.12.28"]
[Round "6"]
[White "Wushukyle"]
[Black "ShadowApt"]
[Result "0-1"]
[ICCResult "White checkmated"]
[WhiteElo "1611"]
[BlackElo "2105"]
[Opening "Sicilian defense"]
[ECO "B20"]
[NIC "SI.48"]
[Time "17:16:26"]
[PlyCount "82"]
[TimeControl "7200+10"]

1. e4 c5 2. a3 Nc6 3. b4 cxb4 4. axb4 Nxb4 5. d4 e6 6. c3 Nc6 7. Na3 d5 8.
exd5 exd5 9. Bf4 Bd6 10. Qe2+ Nge7 11. Bxd6 Qxd6 12. Nb5 Qd8 13. Nf3 O-O
14. Qc2 Ng6 15. Be2 Bg4 16. O-O a6 17. Na3 Rc8 18. Qb2 Re8 19. h3 Bf5 20.
Bd1 Qd7 21. Ba4 Bxh3 22. Ne5 Ngxe5 23. dxe5 Bxg2 24. e6 Qxe6 25. Rfe1 Qg4
26. Re3 Bf3+ 27. Kf1 Qg2+ 28. Ke1 Rxe3+ 29. fxe3 Qxb2 30. Nc2 Qxc3+ 31. Kf2
Be4 32. Bxc6 Rxc6 33. Nd4 Rf6+ 34. Kg3 Qxe3+ 35. Kg4 Bf3+ 36. Kg3 Bh5+ 37.
Kg2 Qf2+ 38. Kh1 Bf3+ 39. Nxf3 Qxf3+ 40. Kg1 Rg6+ 41. Kh2 Qg2# { White
checkmated } 0-1

[Event "ICC tourney 2250 (120 10)"]
[Site "Internet Chess Club"]
[Date "2020.12.28"]
[Round "6"]
[White "mikolka1985"]
[Black "tigeriz"]
[Result "1/2-1/2"]
[ICCResult "Game drawn by mutual agreement"]
[WhiteElo "2545"]
[BlackElo "2393"]
[Opening "QGD: Ragozin variation"]
[ECO "D38"]
[NIC "NI.27"]
[Time "17:16:23"]
[PlyCount "43"]
[TimeControl "7200+10"]

1. d4 Nf6 2. c4 e6 3. Nf3 d5 4. Nc3 Bb4 5. Bg5 h6 6. Bxf6 Qxf6 7. Qa4+ Nc6
8. e3 O-O 9. Be2 dxc4 10. a3 Bxc3+ 11. bxc3 Bd7 12. Qxc4 Rac8 13. O-O Na5
14. Qd3 Rfd8 15. Ne5 Be8 16. Qe4 Qe7 17. Bd3 f5 18. Qf3 c5 19. g4 Nc6 20.
Nxc6 Bxc6 21. Qf4 g5 22. Qe5 { Game drawn by mutual agreement } 1/2-1/2

[Event "ICC tourney 2250 (120 10)"]
[Site "Internet Chess Club"]
[Date "2020.12.28"]
[Round "6"]
[White "lmperatorX"]
[Black "wolfchess1"]
[Result "1-0"]
[ICCResult "Black resigns"]
[WhiteElo "2118"]
[BlackElo "2077"]
[Opening "Robatsch defense: two knights variation"]
[ECO "B06"]
[NIC "KF.05"]
[Time "17:16:25"]
[PlyCount "63"]
[TimeControl "7200+10"]

1. e4 g6 2. d4 Bg7 3. Nc3 d6 4. Nf3 a6 5. h3 b5 6. Be3 Bb7 7. Bd3 Nd7 8.
O-O c5 9. a4 b4 10. Ne2 Ngf6 11. Ng3 Rc8 12. c3 c4 13. Bb1 b3 14. Qe2 a5
15. Nd2 Nb6 16. d5 Ba6 17. Nxb3 cxb3 18. Qxa6 Nc4 19. Bd3 Nxe3 20. Bb5+ Nd7
21. fxe3 O-O 22. Bxd7 Qxd7 23. Qxa5 Ra8 24. Qb5 Qa7 25. Rf3 Rab8 26. Qd3
Qa5 27. Ne2 Rb7 28. Nd4 Bxd4 29. exd4 Rbb8 30. Qe3 Kg7 31. Qg5 h6 32. Qxe7
{ Black resigns } 1-0

[Event "ICC tourney 2250 (120 10)"]
[Site "Internet Chess Club"]
[Date "2020.12.28"]
[Round "6"]
[White "sirking2800"]
[Black "Bearbarion"]
[Result "1-0"]
[ICCResult "Black resigns"]
[WhiteElo "2005"]
[BlackElo "1921"]
[Opening "Caro-Kann: exchange variation"]
[ECO "B13"]
[NIC "CK.02"]
[Time "17:16:42"]
[PlyCount "55"]
[TimeControl "7200+10"]

1. e4 c6 2. d4 d5 3. exd5 cxd5 4. Bd3 Nc6 5. c3 Qc7 6. Bg5 Bd7 7. Nd2 O-O-O
8. Bh4 Re8 9. Bg3 e5 10. Ngf3 Bg4 11. h3 Bh5 12. Qb3 exd4+ 13. Kf1 Bd6 14.
Bxd6 Qxd6 15. cxd4 Bg6 16. Bb5 Nge7 17. Rc1 f6 18. g3 Kb8 19. Kg2 Rc8 20.
Rc5 Be4 21. Qa4 b6 22. Rc3 Rc7 23. Rhc1 Rhc8 24. Ba6 Rd8 25. b4 Rdd7 26. a3
Nxd4 27. Rxc7 Rxc7 28. Qe8+ { Black resigns } 1-0

[Event "ICC tourney 2250 (120 10)"]
[Site "Internet Chess Club"]
[Date "2020.12.28"]
[Round "6"]
[White "nithin"]
[Black "ChessKidA8"]
[Result "1/2-1/2"]
[ICCResult "Game drawn by mutual agreement"]
[WhiteElo "2250"]
[BlackElo "2123"]
[Opening "Catalan: open, 5.Nf3"]
[ECO "E04"]
[NIC "CA.03"]
[Time "17:16:28"]
[PlyCount "65"]
[TimeControl "7200+10"]

1. Nf3 Nf6 2. c4 e6 3. g3 d5 4. d4 dxc4 5. Bg2 Bd7 6. O-O Bc6 7. Nbd2 Nbd7
8. Nxc4 Be7 9. Bf4 O-O 10. Rc1 Nd5 11. Bd2 Bb5 12. e4 N5b6 13. b3 c5 14.
Re1 Bxc4 15. bxc4 cxd4 16. Nxd4 Ne5 17. Ba5 Bc5 18. Bc3 Nexc4 19. Nb3 Qxd1
20. Rcxd1 Be7 21. e5 Rab8 22. Bd4 Rfc8 23. Re2 g6 24. Bxb6 Nxb6 25. Be4 Rc7
26. Rc2 Rbc8 27. Rxc7 Rxc7 28. Na5 Nc4 29. Rc1 b5 30. Bd3 Bb4 31. Nxc4 bxc4
32. Rxc4 Rxc4 33. Bxc4 { Game drawn by mutual agreement } 1/2-1/2

[Event "ICC tourney 2250 (120 10)"]
[Site "Internet Chess Club"]
[Date "2020.12.28"]
[Round "6"]
[White "Mookmookarmy"]
[Black "Drachekokosnuss"]
[Result "1-0"]
[ICCResult "Black resigns"]
[WhiteElo "2360"]
[BlackElo "2100"]
[Opening "Two knights defense (Modern bishop's opening)"]
[ECO "C55"]
[NIC "IG.01"]
[Time "17:16:28"]
[PlyCount "67"]
[TimeControl "7200+10"]

1. e4 e5 2. Nf3 Nc6 3. Bc4 Nf6 4. d3 Be7 5. O-O O-O 6. Re1 d6 7. c3 Na5 8.
Bb5 a6 9. Ba4 b5 10. Bc2 c5 11. Nbd2 Nc6 12. Nf1 h6 13. Ne3 Be6 14. Bd2 Rc8
15. Qe2 Qc7 16. Kh1 Rfe8 17. Rg1 d5 18. g4 c4 19. dxc4 bxc4 20. exd5 Nxd5
21. Nxd5 Bxd5 22. Be4 Rcd8 23. g5 h5 24. g6 f6 25. Bxd5+ Rxd5 26. Qxc4 Qd6
27. Qh4 Bd8 28. Qxh5 Bc7 29. c4 Rd3 30. Nh4 Nd4 31. Be3 e4 32. Rg3 Ne2 33.
Nf5 Rd1+ 34. Kg2 { Black resigns } 1-0

[Event "ICC tourney 2250 (120 10)"]
[Site "Internet Chess Club"]
[Date "2020.12.28"]
[Round "6"]
[White "Gukesh"]
[Black "jsl1996"]
[Result "1-0"]
[ICCResult "Black resigns"]
[WhiteElo "2642"]
[BlackElo "2643"]
[Opening "English opening"]
[ECO "A15"]
[NIC "KI.79"]
[Time "17:16:30"]
[PlyCount "55"]
[TimeControl "7200+10"]

1. c4 Nf6 2. Nf3 g6 3. g3 Bg7 4. Bg2 O-O 5. O-O d6 6. d4 Ne4 7. Qc2 f5 8.
Nbd2 Nxd2 9. Bxd2 e5 10. dxe5 dxe5 11. Bb4 Re8 12. Rad1 Qf6 13. Bc3 Qf8 14.
Ng5 h6 15. Bd5+ Kh8 16. Nf3 Kh7 17. c5 Qxc5 18. Qb3 Qb6 19. Qc4 Na6 20.
Nxe5 Be6 21. Bxe6 Qxe6 22. Rd7 Kg8 23. Nxg6 Bxc3 24. Qxe6+ Rxe6 25. Nf4 Nc5
26. Rxc7 Be5 27. Nxe6 Bxc7 28. Nxc5 { Black resigns } 1-0

[Event "ICC tourney 2250 (120 10)"]
[Site "Internet Chess Club"]
[Date "2020.12.28"]
[Round "6"]
[White "Chesslegend21"]
[Black "giorgibagaturov"]
[Result "0-1"]
[ICCResult "White resigns"]
[WhiteElo "2132"]
[BlackElo "2481"]
[Opening "King's Indian: Kazakh variation"]
[ECO "E91"]
[NIC "KI.19"]
[Time "17:17:17"]
[PlyCount "60"]
[TimeControl "7200+10"]

1. d4 Nf6 2. c4 g6 3. Nc3 Bg7 4. e4 d6 5. Nf3 O-O 6. Be2 Na6 7. Be3 e5 8.
d5 Ng4 9. Bg5 f6 10. Bh4 Nh6 11. Nd2 Qe8 12. a3 c5 13. g4 Nf7 14. Qc2 Bd7
15. Nf1 Qe7 16. Ne3 Bh6 17. O-O Bf4 18. Rfb1 Ng5 19. b4 b6 20. Ra2 Qg7 21.
Bg3 Nh3+ 22. Kh1 Qh6 23. Bf1 Nxf2+ 24. Qxf2 Bxe3 25. Qf3 Nc7 26. a4 cxb4
27. Rxb4 Na6 28. Rb1 Nc5 29. a5 bxa5 30. Rxa5 f5 { White resigns } 0-1

[Event "ICC tourney 2250 (120 10)"]
[Site "Internet Chess Club"]
[Date "2020.12.28"]
[Round "6"]
[White "NightMovesTN"]
[Black "chiringuito"]
[Result "0-1"]
[ICCResult "White resigns"]
[WhiteElo "2398"]
[BlackElo "2485"]
[Opening "QGD semi-Slav"]
[ECO "D43"]
[NIC "SL.03"]
[Time "17:16:42"]
[PlyCount "56"]
[TimeControl "7200+10"]

1. Nf3 d5 2. d4 Nf6 3. c4 c6 4. Nc3 e6 5. cxd5 exd5 6. Bg5 Nbd7 7. e3 h6 8.
Bxf6 Nxf6 9. Bd3 Bd6 10. h3 O-O 11. Qc2 a5 12. O-O Qe7 13. a3 Re8 14. Na4
Rb8 15. Nb6 Be6 16. Nd2 Bc7 17. Na4 Qd6 18. Nf3 Ne4 19. Rfe1 Ng5 20. Bf5
Nxf3+ 21. gxf3 Qh2+ 22. Kf1 g6 23. Bxe6 Rxe6 24. Ke2 Rbe8 25. Kd1 Qxh3 26.
Nc5 Rf6 27. f4 Bxf4 28. Nxb7 Bxe3 { White resigns } 0-1

[Event "ICC tourney 2250 (120 10)"]
[Site "Internet Chess Club"]
[Date "2020.12.28"]
[Round "6"]
[White "Adhvaith0406"]
[Black "RagingKnightNC"]
[Result "1-0"]
[ICCResult "Black checkmated"]
[WhiteElo "2033"]
[BlackElo "2112"]
[Opening "Sicilian: Najdorf, Lipnitzky attack"]
[ECO "B86"]
[NIC "SI.13"]
[Time "17:21:43"]
[PlyCount "127"]
[TimeControl "7200+10"]

1. e4 c5 2. Nf3 d6 3. d4 cxd4 4. Nxd4 Nf6 5. Nc3 a6 6. Bc4 e6 7. Bb3 Be7 8.
g4 h6 9. Be3 Qc7 10. f3 Nc6 11. Qd2 Ne5 12. O-O-O Nc4 13. Bxc4 Qxc4 14. h4
g6 15. Bxh6 Bd7 16. Kb1 b5 17. Be3 b4 18. Nce2 a5 19. g5 Nh5 20. f4 e5 21.
b3 Qc7 22. Nf3 O-O 23. Nxe5 Bb5 24. Nxg6 Bxe2 25. Nxe7+ Qxe7 26. Qxe2 Ng3
27. Qg2 Nxh1 28. Qxh1 Rfe8 29. Rd4 d5 30. e5 a4 31. bxa4 Qc7 32. Qxd5 Rac8
33. Qb3 Red8 34. g6 Rxd4 35. Qxf7+ Qxf7 36. gxf7+ Kxf7 37. Bxd4 Ke6 38. a5
Ra8 39. Bb6 Kd5 40. Kb2 Kc4 41. e6 Kd5 42. e7 Ke6 43. Bd8 Kd7 44. f5 Rb8
45. f6 Ke8 46. Kb3 Rb7 47. Ka4 Rd7 48. Kxb4 Rd4+ 49. c4 Rxh4 50. a6 Rh2 51.
a4 Rb2+ 52. Kc5 Rb8 53. a7 Ra8 54. Kb6 Rc8 55. Kb7 Rxc4 56. a8=Q Rb4+ 57.
Bb6+ Kf7 58. e8=Q+ Kxf6 59. Qf8+ Ke6 60. Qae8+ Kd5 61. Qf5+ Kc4 62. Qc5+
Kb3 63. Qee3+ Kxa4 64. Qa5# { Black checkmated } 1-0

[Event "ICC tourney 2250 (120 10)"]
[Site "Internet Chess Club"]
[Date "2020.12.28"]
[Round "6"]
[White "pangpangba"]
[Black "mentalgiant"]
[Result "1-0"]
[ICCResult "Black checkmated"]
[WhiteElo "1656"]
[BlackElo "1632"]
[Opening "Alekhine's defense"]
[ECO "B02"]
[NIC "AL.10"]
[Time "17:17:10"]
[PlyCount "115"]
[TimeControl "7200+10"]

1. e4 Nf6 2. e5 Nd5 3. c4 Nb6 4. d4 e6 5. Nc3 d5 6. c5 N6d7 7. f4 a6 8. Nf3
Nc6 9. a3 Nxc5 10. dxc5 Bxc5 11. Ne2 d4 12. b4 Ba7 13. Bb2 Qd5 14. Nexd4
Nxd4 15. Bxd4 Qe4+ 16. Be2 Qxf4 17. Bxa7 Rxa7 18. Qd4 Qxd4 19. Nxd4 Bd7 20.
O-O O-O 21. Bf3 Ba4 22. Bd1 Bb5 23. Nxb5 axb5 24. Bb3 c6 25. Rfd1 b6 26.
Kf2 c5 27. Ke3 c4 28. Bc2 g6 29. Rd6 Rb8 30. Kd2 Kf8 31. Kc3 Ke7 32. Be4 f6
33. Rdd1 fxe5 34. Bc6 Rf8 35. Bxb5 Rc7 36. Rd2 Rf4 37. Rad1 h5 38. Rd7+
Rxd7 39. Rxd7+ Kf6 40. Bxc4 Rf2 41. Rd2 Rf4 42. Rd6 e4 43. Rxe6+ Kf5 44.
Re8 g5 45. Rf8+ Ke5 46. Rxf4 gxf4 47. a4 h4 48. h3 f3 49. gxf3 exf3 50. a5
bxa5 51. bxa5 Kf4 52. a6 Kg3 53. a7 Kxh3 54. a8=Q Kg3 55. Qg8+ Kf2 56. Qg4
h3 57. Qxh3 Ke1 58. Qf1# { Black checkmated } 1-0

[Event "ICC tourney 2250 (120 10)"]
[Site "Internet Chess Club"]
[Date "2020.12.28"]
[Round "6"]
[White "investigator"]
[Black "Chessking2008"]
[Result "1/2-1/2"]
[ICCResult "Game drawn because neither player has mating material"]
[WhiteElo "2106"]
[BlackElo "2197"]
[Opening "English opening"]
[ECO "A20"]
[NIC "EO.24"]
[Time "17:16:51"]
[PlyCount "110"]
[TimeControl "7200+10"]

1. c4 e5 2. g3 Nf6 3. Bg2 d5 4. cxd5 Nxd5 5. Nc3 Nb6 6. Nf3 Nc6 7. O-O Be7
8. a3 Be6 9. b4 a6 10. d3 O-O 11. Bb2 Qd7 12. Ne4 f6 13. Rc1 Rad8 14. Nc5
Bxc5 15. Rxc5 Bh3 16. a4 Bxg2 17. Kxg2 Nxb4 18. Qb3+ N4d5 19. e4 Qxa4 20.
Qa3 Nb4 21. Rxc7 Rxd3 22. Qxa4 Nxa4 23. Rxb7 a5 24. Rc1 Na6 25. Rc6 N6c5
26. Ra7 Rd7 27. Rxa5 Nxb2 28. Rcxc5 Rfd8 29. Rab5 Nd3 30. Rd5 Rxd5 31. exd5
Rc8 32. Rb3 Nc1 33. Ra3 Rd8 34. Ra5 Nd3 35. Nh4 g6 36. Ra6 f5 37. d6 Nb4
38. Rb6 Nd5 39. Ra6 e4 40. f3 Nf6 41. h3 Kf7 42. g4 fxg4 43. hxg4 exf3+ 44.
Kxf3 Rd7 45. Kf4 Ke6 46. Nf3 Rxd6 47. Rxd6+ Kxd6 48. Kg5 Ke7 49. Ne5 Ne4+
50. Kh6 Ke6 51. Nxg6 hxg6 52. Kxg6 Nc5 53. g5 Nd3 54. Kh7 Ne5 55. g6 Nxg6 {
Game drawn because neither player has mating material } 1/2-1/2

[Event "ICC tourney 2250 (120 10)"]
[Site "Internet Chess Club"]
[Date "2020.12.28"]
[Round "6"]
[White "mchessmaster"]
[Black "pawnpush202044"]
[Result "1-0"]
[ICCResult "Black resigns"]
[WhiteElo "1976"]
[BlackElo "1915"]
[Opening "Sicilian: Najdorf, Opocensky variation"]
[ECO "B92"]
[NIC "SI.11"]
[Time "17:16:23"]
[PlyCount "121"]
[TimeControl "7200+10"]

1. e4 c5 2. Nf3 d6 3. d4 cxd4 4. Nxd4 Nf6 5. Nc3 a6 6. Be2 e5 7. Nb3 Be7 8.
O-O O-O 9. Be3 Be6 10. f4 exf4 11. Bxf4 Nc6 12. Qd2 d5 13. exd5 Nxd5 14.
Nxd5 Bxd5 15. Rad1 Be6 16. Bf3 Qc8 17. Rfe1 a5 18. Kh1 Bf6 19. Bxc6 Qxc6
20. Be5 Rfd8 21. Nd4 Bxe5 22. Nxc6 Rxd2 23. Rxd2 Bxb2 24. Rd8+ Rxd8 25.
Nxd8 b6 26. Nxe6 fxe6 27. Rxe6 Bd4 28. g4 Kf7 29. Rc6 Bc5 30. Kg2 Ke7 31.
Rc7+ Kf6 32. c3 h6 33. Kf3 g6 34. h4 h5 35. Rc6+ Kf7 36. gxh5 gxh5 37. Rh6
Kg7 38. Rxh5 Kg6 39. Rh8 Kg7 40. Rc8 Bg1 41. Ke4 Bf2 42. Rb8 Bxh4 43. Rxb6
Bd8 44. Rd6 Bf6 45. Rxf6 Kxf6 46. Kd5 Ke7 47. Kc6 Ke6 48. c4 Ke7 49. c5 Ke6
50. a4 Ke7 51. Kb6 Kd7 52. Kxa5 Kc6 53. Kb4 Kc7 54. Kb5 Kb7 55. a5 Kc7 56.
c6 Kc8 57. Kb6 Kb8 58. a6 Ka8 59. Kc7 Ka7 60. Kd8 Kxa6 61. c7 { Black
resigns } 1-0

[Event "ICC tourney 2250 (120 10)"]
[Site "Internet Chess Club"]
[Date "2020.12.28"]
[Round "6"]
[White "shianen"]
[Black "BlueJay01"]
[Result "1/2-1/2"]
[ICCResult "Game drawn by mutual agreement"]
[WhiteElo "2195"]
[BlackElo "2094"]
[Opening "QGD Slav defense: exchange variation"]
[ECO "D10"]
[NIC "SL.01"]
[Time "17:16:33"]
[PlyCount "40"]
[TimeControl "7200+10"]

1. d4 d5 2. c4 c6 3. cxd5 cxd5 4. Nc3 Nf6 5. Bf4 Nc6 6. e3 a6 7. Be2 Bf5 8.
Nf3 e6 9. Qb3 Na5 10. Qa4+ Nc6 11. Ne5 Qb6 12. O-O Be7 13. Nxc6 bxc6 14.
Qb3 Qxb3 15. axb3 O-O 16. Rfc1 Nd7 17. Rxa6 Rxa6 18. Bxa6 c5 19. Bb5 cxd4
20. Bxd7 dxc3 { Game drawn by mutual agreement } 1/2-1/2